 Dungeon Crawl Stone Soup version 0.32-a0-841-g4648e6c457 (webtiles) character file.

Game seed: 14208084865809717087

7521 Finra the Basher (level 10, -4/94 HPs)
             Began as a Minotaur Fighter on Mar 26, 2024.
             Was an Elder of Okawaru.
             Slain by a five-headed hydra (10 damage)
             ... on level 11 of the Dungeon.
             The game lasted 00:17:24 (8395 turns).

Finra the Basher (Minotaur Fighter)                 Turns: 8395, Time: 00:17:24

Health: -4/94      AC: 28    Str: 24    XL:     10   Next: 95%
Magic:  10/10      EV:  6    Int:  7    God:    Okawaru [****..]
Gold:   448        SH:  4    Dex:  9    Spells: 9/9 levels left

rFire   . . .        u - +1 mace (protect)
rCold   . . .        c - +0 buckler
rNeg    . . .        B - +0 plate armour
rPois   .            (helmet restricted)
rElec   .            g - +0 cloak
rCorr   .            k - +0 pair of gloves
SInv    +            (no boots)
Will    +....        q - amulet of regeneration Stlth
                     d - ring of see invisible
HPRegen 1.15/turn    t - +4 ring of protection
MPRegen 0.12/turn

%: no passive effects
@: mighty, under a protective aura, enlightened, flying, hasted, invisible, very
quick
A: horns 2, retaliatory headbutt
a: Renounce Religion, Heroism, Finesse


You were on level 11 of the Dungeon.
You worshipped Okawaru.
Okawaru was greatly pleased with you.
You visited 2 branches of the dungeon, and saw 12 of its levels.

You collected 448 gold pieces.

Inventory:

Hand Weapons
 m - a +0 orcbow
 u - a +1 mace of protection (weapon)
 G - a +0 dagger of venom
 J - a +1 trident of distortion
Armour
 b - a +1 scale mail
 c - a +0 buckler (worn)
 g - a +0 cloak (worn)
 k - a +0 pair of gloves (worn)
 n - +0 steam dragon scales
 o - a scarf of invisibility
 y - the +6 leather armour "Plog" {rN+ Str+3 Slay-5}
   (You found it on level 3 of the Dungeon)

   Str+3:     It affects your strength (+3).
   Slay-5:    It affects your accuracy & damage with ranged weapons and melee
   (-5).
   rN+:       It protects you from negative energy.
 B - a +0 plate armour (worn)
Jewellery
 d - a ring of see invisible (left hand)
 q - an amulet of regeneration (around neck)
 s - a ring of magical power
 t - a +4 ring of protection (right hand)
 z - a +6 ring of intelligence
Wands
 v - a wand of flame (51)
 M - a wand of warping (4)
Scrolls
 a - 2 scrolls of enchant armour
 i - 3 scrolls of teleportation
 p - 2 scrolls of vulnerability
 C - 2 scrolls of enchant weapon
 D - 2 scrolls of identify
 F - a scroll of blinking
 H - a scroll of poison {unknown}
 L - a scroll of immolation
Potions
 e - 2 potions of ambrosia
 f - 3 potions of curing
 h - a potion of haste
 j - 2 potions of brilliance
 l - a potion of berserk rage {unknown}
 r - a potion of lignification
 w - a potion of magic
 x - 2 potions of mutation
 A - 2 potions of attraction


   Skills:
 + Level 10.7 Fighting
 - Level 14.0 Maces & Flails
 + Level 10.8 Armour
 - Level 3.6 Shields
 + Level 2.4 Invocations


You had 9 spell levels left.
You didn't know any spells.
Your spell library contained the following spells:

 Spells                   Type           Power      Damage    Failure   Level
 Static Discharge         Conj/Air       0%         3-3/arc   100%        2
 Frozen Ramparts          Ice            0%         1d1       100%        3
 Fugue of the Fallen      Necr           0%         N/A       100%        3
 Ozocubu's Armour         Ice            0%         N/A       100%        3
 Passwall                 Erth           0%         N/A       100%        3
 Volatile Blastmotes      Fire/Tloc      0%         2d10      100%        3
 Airstrike                Air            0%         2d(0-16)  100%        4
 Brom's Barrelling Bould  Conj/Erth      0%         2d3       100%        4
 Manifold Assault         Tloc           0%         N/A       100%        4
 Fireball                 Conj/Fire      0%         3d3       100%        5
 Iskenderun's Battlesphe  Conj           0%         2d6       100%        5
 Metabolic Englaciation   Hex/Ice        0%         N/A       100%        5
 Bombard                  Conj/Erth      0%         9d1       100%        6
 Conjure Ball Lightning   Conj/Air       0%         3x3d6     100%        6
 Orb of Destruction       Conj           0%         9d5       100%        7
 Summon Small Mammal      Summ           Unusable   N/A       N/A         1
 Call Canine Familiar     Summ           Unusable   N/A       N/A         3
 Summon Blazeheart Golem  Fire/Summ      Unusable   N/A       N/A         4
 Summon Lightning Spire   Summ/Air       Unusable   N/A       N/A         4

Dungeon Overview and Level Annotations

Branches:
Dungeon (11/15)            Temple (1/1) D:6            Lair (0/5) D:10
    Orc: D:9-12

Altars:
Ashenzari
Cheibriados
Dithmenos
Elyvilon
Fedhas
Gozag
Hepliaklqana
Kikubaaqudgha
Makhleb
Nemelex Xobeh
Okawaru
Qazlal
Ru
Sif Muna
Trog
Uskayaw
Vehumet
Wu Jian
Xom
Yredelemnul
Zin
The Shining One

Annotations:
D:7 1 runed translucent door, MirrMurr's ghost, novice OnBe
Temple 2 transporters


Innate Abilities, Weirdness & Mutations

You have a pair of horns on your head.
You reflexively headbutt those who attack you in melee.


Message History

Two slime creatures merge to form a large slime creature.
You feel better.
The cyclops throws a large rock.
The large rock hits you. The large slime creature hits you!!
* * * LOW HITPOINT WARNING * * *
It was a potion of haste.
You feel yourself speed up.
Your surroundings suddenly seem different.
An acid dragon comes into view.
Found a forked lead wand and a scale mail.
Found a stone staircase leading down.
The acid dragon roars!
The acid dragon bites you.
* * * LOW HITPOINT WARNING * * *
The acid dragon closely misses you.
It was a potion of enlightenment.
You feel very buoyant.
You fly up into the air.
It was a potion of invisibility.
You fade into invisibility!
The acid dragon barely misses you. You furiously retaliate!
You headbutt the acid dragon! The acid dragon claws you.
* * * LOW HITPOINT WARNING * * *
You feel very mighty all of a sudden.
A five-headed hydra comes into view.
The acid dragon barely misses you. You furiously retaliate!
You headbutt the acid dragon! You block the acid dragon's attack.
The five-headed hydra roars!
You catch the helpless acid dragon completely off-guard!
You sock the acid dragon!
Your weapon exudes an aura of protection.
You kill the acid dragon!
Okawaru accepts your kill.
The acid dragon scales are intact enough to wear.
The five-headed hydra roars!
The five-headed hydra roars!
The five-headed hydra roars!
The five-headed hydra bites you but does no damage.
The five-headed hydra bites you.
* * * LOW HITPOINT WARNING * * *
The five-headed hydra bites you!
You die...

##########
#........#
#[.......#
#.@......#
#.>.D#.#####
###.#.[# ..
.## ### ..
... ###


You could see a five-headed hydra (wandering, unable to see you).

Vanquished Creatures
  A catoblepas (D:9)
  An unseen horror (D:10)
  A komodo dragon (D:10)
  Grinder (D:5)
  A troll (D:8)
  Sigmund (D:2)
  A slime creature (D:11)
  A vampire (D:8)
  3 steam dragons
  11 yaks
  A basilisk (D:10)
  2 acid dragons
  A water moccasin (D:9)
  2 orc warriors
  2 ice beasts
  A black bear (D:4)
  3 ogres
  3 centaurs
  2 phantoms
  2 kobold brigands
  Blork the orc (D:4)
  5 bullfrogs
  2 scorpions
  5 killer bees
  7 howler monkeys
  2 orc priests (D:8)
  4 hounds
  Natasha (twice) (D:2)
  7 iguanas
  9 orc wizards
  3 gnolls
  9 adders
  2 river rats (D:10)
  6 ufetubi
  3 dart slugs
  2 ribbon worms (D:3)
  27 orcs
  5 ball pythons
  15 bats
  12 endoplasms
  5 giant cockroaches
  5 hobgoblins
  3 jackals (D:1)
  18 kobolds
  3 quokkas (D:1)
  4 frilled lizards
  6 goblins
  3 rats
216 creatures vanquished.

Notes
Turn   | Place    | Note
-------+----------+-------------------------------------------
     0 | D:1      | Finra the Minotaur Fighter began the quest for the Orb.
     0 | D:1      | Reached XP level 1. HP: 19/19 MP: 0/0
    58 | D:1      | Reached skill level 3 in Maces & Flails
    89 | D:1      | Reached XP level 2. HP: 26/26 MP: 1/1
   204 | D:1      | Reached skill level 4 in Maces & Flails
   318 | D:1      | Reached XP level 3. HP: 31/31 MP: 2/2
   759 | D:2      | Found a faded altar of an unknown god.
   837 | D:2      | Noticed Sigmund
   848 | D:2      | Killed Sigmund
   849 | D:2      | Reached skill level 7 in Maces & Flails
   849 | D:2      | Reached XP level 4. HP: 23/39 MP: 3/3
   849 | D:2      | Reached XP level 5. HP: 26/45 MP: 4/4
   921 | D:2      | Noticed Natasha
   926 | D:2      | Killed Natasha
  1316 | D:2      | Noticed Natasha
  1319 | D:2      | Killed Natasha
  1383 | D:3      | Reached XP level 6. HP: 52/52 MP: 5/5
  1824 | D:3      | Identified the +6 leather armour "Plog" {rN+ Str+3 Slay-5}
  2216 | D:4      | Noticed Blork the orc
  2225 | D:4      | Killed Blork the orc
  2226 | D:4      | Reached skill level 8 in Maces & Flails
  2388 | D:4      | Reached XP level 7. HP: 60/60 MP: 6/6
  2755 | D:4      | Found a blossoming altar of Fedhas.
  3205 | D:5      | Entered Level 5 of the Dungeon
  3217 | D:4      | Reached skill level 5 in Fighting
  3217 | D:4      | Reached skill level 5 in Armour
  3264 | D:5      | Reached skill level 9 in Maces & Flails
  3406 | D:5      | Reached XP level 8. HP: 70/70 MP: 7/7
  3436 | D:5      | Noticed Grinder
  3437 | D:5      | Paralysed by Grinder for 4 turns
  3493 | D:5      | Paralysed by Grinder for 2 turns
  3502 | D:5      | Paralysed by Grinder for 4 turns
  3520 | D:5      | Killed Grinder
  3698 | D:5      | Reached skill level 10 in Maces & Flails
  4080 | D:6      | Found a staircase to the Ecumenical Temple.
  4089 | D:6      | Identified the +1 robe of the Shore {rN+ Will+ MP+9}
  4099 | Temple   | Found a transporter.
  4099 | Temple   | Found a transporter.
  4099 | Temple   | Found a transporter.
  4099 | Temple   | Found a transporter.
  4099 | Temple   | Entered the Ecumenical Temple
  4123 | Temple   | Became a worshipper of Warmaster Okawaru
  4271 | D:6      | Found a hazy altar of Hepliaklqana.
  4365 | D:6      | Reached skill level 11 in Maces & Flails
  4453 | D:6      | Found a shimmering altar of Xom.
  4453 | D:6      | Found an opulent altar of Gozag.
  4725 | D:6      | Found a shimmering blue altar of Sif Muna.
  5255 | D:7      | Found a runed translucent door.
  5255 | D:7      | Noticed MirrMurr's ghost (novice OnBe)
  5302 | D:7      | Reached * piety under Okawaru
  5303 | D:7      | Reached XP level 9. HP: 70/79 MP: 8/8
  6185 | D:8      | Reached skill level 12 in Maces & Flails
  6194 | D:8      | Reached ** piety under Okawaru
  6333 | D:8      | Reached skill level 13 in Maces & Flails
  6884 | D:9      | Reached XP level 10. HP: 90/90 MP: 9/9
  6943 | D:8      | Reached *** piety under Okawaru
  7464 | D:9      | Reached skill level 14 in Maces & Flails
  7641 | D:9      | Reached **** piety under Okawaru
  7652 | D:9      | Noticed a catoblepas
  7698 | D:9      | Killed a catoblepas
  7699 | D:9      | Reached skill level 10 in Fighting
  7699 | D:9      | Reached skill level 10 in Armour
  7855 | D:9      | Identified the +6 glaive of Foul Odours {freeze, *Rage rN+
                  | Dex+6}
  8178 | D:10     | Entered Level 10 of the Dungeon
  8255 | D:10     | Reached skill level 1 in Invocations
  8308 | D:10     | Found a staircase to the Lair.
  8375 | D:11     | Noticed a cyclops
  8389 | D:11     | HP: 3/94 [acid dragon (3)]
  8390 | D:11     | Noticed a five-headed hydra
  8395 | D:11     | Slain by a five-headed hydra

Illustrated notes

Levels and vault maps discovered:
D:1:      tarquinn_simple_flora_water_a, layout_basic,
          hangedman_decor_diamond_cutter
D:2:      layout_rooms, hellmonk_ecumenical_altar_zigzags, serial_forest,
          infiniplex_forest_zigzag_2, infiniplex_forest_lined_3,
          infiniplex_forest_clump_diagonal, infiniplex_forest_lined_2,
          infiniplex_forest_lined_2, infiniplex_forest_straight_2,
          infiniplex_forest_end_1, infiniplex_forest_clump_C, uniq_natasha,
          uniq_sigmund
D:3:      layout_basic, roderic_batcave, kennysheep_generic_room_2
D:4:      layout_cave_pods, amcnicky_altar_gilded, serial_library,
          serial_library_hellmonk_open_square,
          serial_library_regret_index_split_case,
          serial_library_regret_index_small_wings,
          serial_library_hellmonk_hallway_a,
          serial_library_regret_index_double_sided,
          serial_library_hellmonk_metal_room,
          serial_library_hellmonk_open_square, serial_library_hellmonk_h_bend,
          uniq_blork_the_orc
D:5:      cheibrodos_quashed, layout_basic, uniq_grinder
D:6:      layout_layer_cave, lemuel_crystal_altar,
          nicolae_overflow_two_pavilions, nicolae_sif_muna_little_library,
          minmay_temple_entry_overgrown
D:7:      layout_basic, gammafunk_ghost_grave
D:8:      layout_loops_ring
D:9:      layout_irregular_city, small_chamber_with_monster, serial_bayou_pond_d
D:10:     layout_basic, dpeg_lair_monsters, dk_noncrumbling_2
D:11:     layout_rooms
Temple:   hellmonk_temple_divided_pantheon

Skill      XL: |  1  2  3  4  5  6  7  8  9 10 |
---------------+-------------------------------+-----
Maces & Flails | 3 4 7 8 9 11 13 14 | 14.0
Fighting       | 4 5 7 8 10 | 10.7
Armour         | 4 5 7 8 10 | 10.8
Invocations    | 2 |  2.4
Shields        | |  3.6

Action                     |  1- 3 |  4- 6 |  7- 9 | 10-12 || total
---------------------------+-------+-------+-------+-------++-------
  Melee: Flail             |    69 |    45 |       |       ||   114
         Headbutt          |    10 |    20 |    57 |    63 ||   150
         Mace              |       |   101 |   312 |   185 ||   598
 Invoke: Heroism           |       |       |       |     2 ||     2
    Use: Potion            |     1 |     2 |     4 |     5 ||    12
         Scroll            |       |     9 |     3 |     1 ||    13
   Stab: Invisible         |       |       |       |     1 ||     1
 Armour: Scale mail        |    32 |   108 |   197 |       ||   337
         Skin              |       |       |     7 |       ||     7
         Plate armour      |       |       |    47 |   301 ||   348
  Dodge: Dodged            |    27 |    59 |   135 |    86 ||   307
  Block: Buckler           |    20 |    20 |    56 |    58 ||   154

Table legend: (Time is in decaauts)
 A = Elapsed time spent in this place.
 B = Non-inter-level travel time spent in this place.
 C = Inter-level travel time spent in this place.
 D = Time resting spent in this place.
 E = Time spent auto-exploring this place.
 F = Levels seen in this place.
 G = Mean time per level.
                   A        B        C        D        E       F      G
               +--------+--------+--------+--------+--------+-----+--------+
         Total |   8339 |   8139 |    200 |   1100 |   5245 |  12 |  694.9 |
       Dungeon |   8272 |   8072 |    200 |   1100 |   5245 |  11 |  752.0 |
        Temple |     66 |     66 |      0 |      0 |      0 |   1 |   66.0 |
               +--------+--------+--------+--------+--------+-----+--------+

Top non-repeatable levels by time:
     D:6: 1177 daAuts
     D:8: 1092 daAuts
     D:4: 1032 daAuts
     D:9: 945 daAuts
     D:7: 835 daAuts
     D:3: 826 daAuts
     D:5: 770 daAuts
     D:2: 696 daAuts
     D:1: 694 daAuts
    D:10: 178 daAuts
  Temple: 66 daAuts
    D:11: 23 daAuts
